 Dungeon Crawl Stone Soup version 0.31-a0-182-gc5ef74bbde (webtiles) character file.

Game seed: 1592856081054085632

1442 qw the Cleaver (level 8, 0/51 HPs)
             Began as a Gargoyle Fighter on June 20, 2023.
             Slain by an orc
             ... wielding a +0 trident
              (4 damage)
             ... on level 5 of the Dungeon.
             The game lasted 00:02:24 (4080 turns).

qw the Cleaver (Gargoyle Fighter)                   Turns: 4080, Time: 00:02:25

Health: 0/51       AC: 21    Str: 22    XL:     8   Next: 74%
Magic:  8/8        EV:  6    Int:  9    God:
Gold:   189        SH:  4    Dex:  9    Spells: 7/7 levels left

rFire   . . .        Y - +0 war axe
rCold   . . .        c - +0 buckler
rNeg    + . .        m - +0 plate armour
rPois   inf          (no helmet)
rElec   +            (no cloak)
rCorr   +            (no gloves)
SInv    .            (no boots)
Will    .....        f - amulet of faith Stlth
                     h - ring of resist corrosion
HPRegen 0.28/turn    g - +4 ring of protection
MPRegen 0.11/turn

%: faith
@: no status effects
A: sickness immunity, AC +5, negative energy resistance 1, electricity
resistance, torment resistance 1, petrification resistance
a: no special abilities


You were on level 5 of the Dungeon.
You visited 1 branch of the dungeon, and saw 5 of its levels.

You collected 189 gold pieces.


Innate Abilities, Weirdness & Mutations

You are immune to sickness and miasma.
Your stone body is resilient. (AC +5)
You are immune to poison.
You resist negative energy. (rN+)
You are resistant to electric shocks. (rElec)
You are resistant to unholy torment.
You are immune to petrification.


   Skills:
 + Level 5.7 Fighting
 - Level 8.1 Axes
 - Level 1.3 Throwing
 - Level 4.9 Armour
 - Level 1.0 Dodging
 - Level 3.2 Shields


You had 7 spell levels left.
You didn't know any spells.
Your spell library was empty.

Inventory:

Hand Weapons
 b - a +0 flail
 Y - a +0 war axe (weapon)
Missiles
 k - 3 boomerangs (quivered)
Armour
 c - a +0 buckler (worn)
 j - a +0 pair of boots
 m - a +0 plate armour (worn)
Jewellery
 f - an amulet of faith (around neck)
 g - a +4 ring of protection (right hand)
 h - a ring of resist corrosion (left hand)
Scrolls
 a - 2 scrolls of identify
 l - a scroll of teleportation {unknown}
Potions
 d - 2 potions of might
 e - a potion of lignification
 i - a potion of attraction
 n - a potion of haste {unknown}

Dungeon Overview and Level Annotations

Branches:
Dungeon (5/15)
 Temple: D:4-7

Altars:
Yredelemnul


Message History

You block the phantom's attack.
You hit the phantom but do no damage.
The phantom is severely damaged.
The phantom barely misses you.
You closely miss the phantom.
The phantom is severely damaged.
You closely miss the iguana.
The phantom hits you but does no damage.
The iguana bites you but does no damage.
You hit the phantom but do no damage.
The phantom is severely damaged.
You slash the jelly!
Your hands burn!
You barely miss the iguana.
The phantom hits you but does no damage.
The jelly hits you but does no damage.
The iguana bites you but does no damage.
The orc hits you but does no damage.
The phantom hits you but does no damage.
The orc hits you but does no damage. The jelly hits you but does no damage.
The iguana completely misses you.
You slash the phantom!
You destroy the phantom!
You slash the jelly!
You kill the jelly!
You closely miss the iguana. You block the orc's attack.
The iguana bites you but does no damage.
You closely miss the iguana. The orc completely misses you.
The iguana bites you but does no damage.
You slash the iguana!
The iguana is heavily wounded.
The orc barely misses you.
The iguana bites you but does no damage.
You hit the iguana.
The iguana is almost dead.
The orc hits you but does no damage. The iguana bites you.
You slash the iguana!
You kill the iguana!
The orc hits you from afar with a +0 trident.
You die...

#..####.#..)
#.##$!###....
#.#?$..##[[.[
##.#...!'#'...
#..##.)##.####
#...#S###'#s..
#....o.##.##..
##.###o#J..#..
#.##.@##$##..
#.#....###...
#...##..)....
#... ###....
#... ... #...
.. #... . #...


You could see a scorpion, a jelly, an adder and 2 orcs.

Vanquished Creatures
  Sigmund (D:3)
  Menkaure (D:5)
  An ice beast (D:5)
  A black bear (D:5)
  2 ogres
  2 phantoms (D:5)
  3 scorpions
  A howler monkey (D:4)
  A jelly (D:5)
  2 sleepcaps
  2 orc priests
  A hound (D:5)
  2 iguanas
  An orc wizard (D:4)
  Natasha (thrice) (D:3)
  3 adders
  An ufetubus (D:5)
  2 dart slugs
  10 orcs
  8 endoplasms
  6 goblins
  10 hobgoblins
  3 jackals (D:3)
  12 kobolds
  8 quokkas
  2 ball pythons (D:3)
  6 bats
  3 frilled lizards
  5 rats
103 creatures vanquished.

Notes
Turn   | Place    | Note
-------+----------+-------------------------------------------
     0 | D:1      | qw the Gargoyle Fighter began the quest for the Orb.
     0 | D:1      | Reached XP level 1. HP: 14/14 MP: 1/1
     0 | D:1      | 0 ||| qw: Version: 0.3-a-9-g12657ce
     0 | D:1      | 0 ||| qw: Game counter: 1447
     0 | D:1      | 0 ||| qw: Always use a shield: true
     0 | D:1      | 0 ||| qw: God list: Okawaru
     0 | D:1      | 0 ||| qw: Allow faded altars: false
     0 | D:1      | 0 ||| qw: Do Orc after D:15 true
     0 | D:1      | 0 ||| qw: Do second Lair branch before Depths: true
     0 | D:1      | 0 ||| qw: Lair rune preference: random
     0 | D:1      | 0 ||| qw: Plans: Normal, Zot:1-4, Slime:5, God:TSO, Crypt,
                  | Tomb, Abyss, Pan, Hells, Win
     0 | D:1      | 0 ||| PLANNING D:1-11
    50 | D:1      | 50 ||| Stepping ~*~*~tactically~*~*~ (stealth).
    51 | D:1      | 51 ||| Stepping ~*~*~tactically~*~*~ (stealth).
    60 | D:1      | Reached skill level 2 in Axes
    73 | D:1      | 73 ||| Stepping ~*~*~tactically~*~*~ (stealth).
    74 | D:1      | 74 ||| Stepping ~*~*~tactically~*~*~ (stealth).
    75 | D:1      | 75 ||| Stepping ~*~*~tactically~*~*~ (stealth).
    88 | D:1      | Reached XP level 2. HP: 19/19 MP: 2/2
   355 | D:1      | Found a faded altar of an unknown god.
   357 | D:1      | 357 ||| DROPPING +0 club.
   359 | D:1      | Noticed a floating eye
   364 | D:1      | Noticed a floating eye
   364 | D:1      | Noticed a golden eye
   364 | D:1      | Noticed a great orb of eyes
   449 | D:1      | 449 ||| Stepping ~*~*~tactically~*~*~ (stealth).
   451 | D:1      | 451 ||| Stepping ~*~*~tactically~*~*~ (stealth).
   453 | D:1      | 453 ||| Stepping ~*~*~tactically~*~*~ (stealth).
   455 | D:1      | 455 ||| Stepping ~*~*~tactically~*~*~ (stealth).
   456 | D:1      | 456 ||| Stepping ~*~*~tactically~*~*~ (stealth).
   573 | D:1      | Reached skill level 3 in Axes
   652 | D:1      | 652 ||| Stepping ~*~*~tactically~*~*~ (stealth).
   659 | D:1      | Reached XP level 3. HP: 22/23 MP: 3/3
   694 | D:1      | 694 ||| Stepping ~*~*~tactically~*~*~ (hiding).
  1048 | D:1      | 1048 ||| UPGRADING to amulet of faith.
  1053 | D:1      | 1053 ||| UPGRADING to ring of resist corrosion.
  1054 | D:1      | 1054 ||| READING scroll labelled ITABRYDIPT.
  1055 | D:1      | 1055 ||| DRINKING 2 pink potions.
  1056 | D:1      | 1056 ||| DROPPING potion of degeneration.
  1132 | D:2      | 1132 ||| Stepping ~*~*~tactically~*~*~ (hiding).
  1206 | D:2      | Found a basalt altar of Yredelemnul.
  1289 | D:2      | 1289 ||| READING scroll labelled DETOEM USYRPH.
  1306 | D:2      | 1306 ||| READING scroll labelled FINUMI APHE.
  1307 | D:2      | 1307 ||| READING scroll labelled SOPRES GOO.
  1455 | D:2      | 1455 ||| Stepping ~*~*~tactically~*~*~ (hiding).
  1456 | D:2      | 1456 ||| Stepping ~*~*~tactically~*~*~ (hiding).
  1529 | D:3      | Noticed Sigmund
  1547 | D:3      | Killed Sigmund
  1548 | D:3      | Reached skill level 5 in Axes
  1548 | D:3      | Reached XP level 4. HP: 18/28 MP: 4/4
  1548 | D:3      | Reached XP level 5. HP: 21/32 MP: 5/5
  1687 | D:3      | Reached XP level 6. HP: 36/37 MP: 6/6
  1726 | D:3      | Noticed Natasha
  1734 | D:3      | HP: 3/37 [Natasha/magic dart (9)]
  1736 | D:3      | Killed Natasha
  1828 | D:3      | Noticed Natasha
  1829 | D:3      | 1829 ||| Stepping ~*~*~tactically~*~*~ (stealth).
  1832 | D:3      | 1832 ||| Stepping ~*~*~tactically~*~*~ (stealth).
  1842 | D:3      | Killed Natasha
  2044 | D:3      | 2044 ||| DROPPING +0 whip.
  2144 | D:3      | 2144 ||| Stepping ~*~*~tactically~*~*~ (hiding).
  2149 | D:3      | Noticed Natasha
  2150 | D:3      | 2150 ||| Stepping ~*~*~tactically~*~*~ (stealth).
  2158 | D:3      | 2158 ||| Stepping ~*~*~tactically~*~*~ (stealth).
  2166 | D:3      | 2166 ||| Stepping ~*~*~tactically~*~*~ (hiding).
  2191 | D:3      | 2191 ||| Stepping ~*~*~tactically~*~*~ (stealth).
  2192 | D:3      | 2192 ||| Stepping ~*~*~tactically~*~*~ (stealth).
  2197 | D:3      | 2197 ||| Stepping ~*~*~tactically~*~*~ (stealth).
  2249 | D:3      | 2249 ||| Stepping ~*~*~tactically~*~*~ (hiding).
  2405 | D:3      | 2405 ||| Stepping ~*~*~tactically~*~*~ (stealth).
  2406 | D:3      | 2406 ||| Stepping ~*~*~tactically~*~*~ (stealth).
  2439 | D:3      | 2439 ||| Stepping ~*~*~tactically~*~*~ (stealth).
  2447 | D:3      | Killed Natasha
  2573 | D:3      | 2573 ||| UPGRADING to +0 plate armour.
  2583 | D:3      | 2583 ||| DROPPING +0 scale mail.
  2584 | D:3      | 2584 ||| DROPPING ring of magical power.
  2585 | D:3      | 2585 ||| READING 5 scrolls of identify.
  2585 | D:3      | 2585 ||| IDENTIFYING red potion
  2586 | D:3      | 2586 ||| READING 4 scrolls of identify.
  2586 | D:3      | 2586 ||| IDENTIFYING orange potion
  2587 | D:3      | 2587 ||| READING 3 scrolls of identify.
  2587 | D:3      | 2587 ||| IDENTIFYING glowing inky potion
  2588 | D:3      | 2588 ||| DROPPING potion of brilliance.
  2654 | D:4      | 2654 ||| Stepping ~*~*~tactically~*~*~ (stealth).
  2655 | D:4      | 2655 ||| Stepping ~*~*~tactically~*~*~ (stealth).
  2663 | D:4      | Reached skill level 6 in Axes
  2663 | D:4      | Reached XP level 7. HP: 25/43 MP: 7/7
  2811 | D:4      | 2811 ||| Stepping ~*~*~tactically~*~*~ (stealth).
  2812 | D:4      | 2812 ||| Stepping ~*~*~tactically~*~*~ (stealth).
  2893 | D:4      | 2893 ||| Stepping ~*~*~tactically~*~*~ (stealth).
  2894 | D:4      | 2894 ||| Stepping ~*~*~tactically~*~*~ (stealth).
  2895 | D:4      | 2895 ||| Stepping ~*~*~tactically~*~*~ (stealth).
  2900 | D:4      | 2900 ||| Stepping ~*~*~tactically~*~*~ (stealth).
  2901 | D:4      | 2901 ||| Stepping ~*~*~tactically~*~*~ (stealth).
  2902 | D:4      | 2902 ||| Stepping ~*~*~tactically~*~*~ (stealth).
  2903 | D:4      | 2903 ||| Stepping ~*~*~tactically~*~*~ (stealth).
  2919 | D:4      | 2919 ||| FLEEEEING.
  2941 | D:4      | 2941 ||| FLEEEEING.
  2942 | D:4      | 2942 ||| FLEEEEING.
  2943 | D:4      | 2943 ||| STAIRDANCE
  2969 | D:3      | 2969 ||| UPGRADING to +4 ring of protection.
  2970 | D:3      | 2970 ||| DROPPING ring of flight.
  2971 | D:3      | 2971 ||| READING scroll labelled NOLABI MATZIT.
  2987 | D:4      | 2987 ||| DROPPING +0 hammer.
  2993 | D:4      | 2993 ||| Stepping ~*~*~tactically~*~*~ (hiding).
  2994 | D:4      | 2994 ||| Stepping ~*~*~tactically~*~*~ (hiding).
  2995 | D:4      | 2995 ||| Stepping ~*~*~tactically~*~*~ (hiding).
  3013 | D:4      | 3013 ||| Stepping ~*~*~tactically~*~*~ (stealth).
  3015 | D:4      | 3015 ||| Stepping ~*~*~tactically~*~*~ (hiding).
  3155 | D:4      | 3155 ||| Stepping ~*~*~tactically~*~*~ (stealth).
  3167 | D:4      | Reached skill level 7 in Axes
  3167 | D:4      | 3167 ||| Stepping ~*~*~tactically~*~*~ (hiding).
  3168 | D:4      | 3168 ||| Stepping ~*~*~tactically~*~*~ (hiding).
  3169 | D:4      | 3169 ||| Stepping ~*~*~tactically~*~*~ (hiding).
  3170 | D:4      | 3170 ||| Stepping ~*~*~tactically~*~*~ (hiding).
  3391 | D:4      | 3391 ||| READING scroll labelled OMIUVV DUGI.
  3392 | D:4      | 3392 ||| READING scroll labelled ZEJOLY XODWILOSIZE.
  3393 | D:4      | 3393 ||| READING scroll labelled UPHOSY XEXEH.
  3394 | D:4      | 3394 ||| READING 3 scrolls of identify.
  3394 | D:4      | 3394 ||| IDENTIFYING black potion
  3402 | D:5      | Entered Level 5 of the Dungeon
  3671 | D:5      | Reached skill level 1 in Dodging
  3709 | D:5      | 3709 ||| Stepping ~*~*~tactically~*~*~ (stealth).
  3711 | D:5      | 3711 ||| Stepping ~*~*~tactically~*~*~ (stealth).
  3740 | D:5      | Noticed Menkaure
  3752 | D:5      | HP: 9/44 [Menkaure (6)]
  3753 | D:5      | 3753 ||| DRINKING potion of heal wounds.
  3755 | D:5      | Killed Menkaure
  3756 | D:5      | Reached XP level 8. HP: 33/49 MP: 8/8
  4038 | D:5      | Reached skill level 1 in Throwing
  4065 | D:5      | HP: 12/49 [scorpion (4)]
  4068 | D:5      | Reached skill level 8 in Axes
  4071 | D:5      | HP: 6/49 [phantom (4)]
  4079 | D:5      | HP: 4/51 [iguana (4)]
  4080 | D:5      | Slain by an orc

Levels and vault maps discovered:
D:1:      mushboom_english_gardens, layout_basic,
          hellmonk_ecumenical_altar_watching_god
D:2:      layout_rooms, basic_altar, hangedman_glass_garden
D:3:      layout_loops_ring, chequers_avenue, uniq_natasha, uniq_sigmund,
          uniq_crazy_yiuf_cottage
D:4:      layout_cave_pools
D:5:      layout_cave_pods, chequers_temple_overflow_minitemple,
          grunt_decor_junction, minmay_joined_circles, uniq_menkaure

Skill      XL: |  1  2  3  4  5  6  7  8 |
---------------+-------------------------+-----
Axes           | 2 3 5 6 7 8 |  8.1
Fighting       | 4 5 |  5.7
Dodging        | 1 |  1.0
Armour         | 4 |  4.9
Throwing       | 1 |  1.3
Shields        | |  3.2

Action                     |  1- 3 |  4- 6 |  7- 9 || total
---------------------------+-------+-------+-------++-------
  Melee: War axe           |   131 |    82 |   150 ||   363
  Throw: Boomerang         |     7 |    29 |    28 ||    64
    Use: Scroll            |     4 |     3 |     5 ||    12
         Potion            |     1 |       |     1 ||     2
 Armour: Scale mail        |    56 |    48 |       ||   104
         Plate armour      |       |     4 |   103 ||   107
  Dodge: Dodged            |    61 |    49 |    42 ||   152
  Block: Buckler           |    20 |    19 |    29 ||    68

Table legend:
 A = Non-vault XP
 B = Vault XP
 C = Vault XP percentage of total XP
 D = Non-vault monster count
 E = Vault monster count
 F = Vault count percentage of total count
                 A         B        C        D         E       F
            +---------+---------+-------+---------+---------+-------
      Total |     991 |    1106 |  52.7 |      93 |      10 |   9.7
            +---------+---------+-------+---------+---------+-------
        D:1 |      40 |       0 |   0.0 |      24 |       0 |   0.0
        D:2 |      30 |       0 |   0.0 |      18 |       0 |   0.0
        D:3 |     155 |     278 |  64.2 |      20 |       2 |   9.1
        D:4 |     417 |       0 |   0.0 |      18 |       0 |   0.0
        D:5 |     349 |     828 |  70.3 |      13 |       8 |  38.1
            +---------+---------+-------+---------+---------+-------
